 Dungeon Crawl Stone Soup version 0.30-a0-586-g23e55c9e0a (webtiles) character file.

Game seed: 2690166771680359364

73 Darkkill the Shooter (level 4, -3/38 HPs)
             Began as a Minotaur Hunter on Jan 3, 2023.
             Slain by a gnoll
             ... wielding a +0 flail
              (10 damage)
             ... on level 3 of the Dungeon.
             The game lasted 00:02:56 (1969 turns).

Darkkill the Shooter (Minotaur Hunter)              Turns: 1969, Time: 00:02:57

Health: -3/38      AC:  8    Str: 15    XL:     4   Next: 8%
Magic:  3/3        EV: 12    Int:  6    God:
Gold:   1309       SH:  0    Dex: 16    Spells: 3/3 levels left

rFire   . . .      SeeInvis .    a - +0 shortbow
rCold   . . .      Faith    .    (shield currently unavailable)
rNeg    . . .      Spirit   .    c - +0 leather armour
rPois   .          Reflect  .    (helmet restricted)
rElec   .          Harm     .    e - +1 cloak
rCorr   .          Rampage  .    j - +2 pair of gloves
Will    .....                    (no boots)
Stlth   ++                       (no amulet)
HPRegen 0.26/turn                (no ring)
MPRegen 0.08/turn                (no ring)

@: no status effects
A: horns 2, retaliatory headbutt
a: no special abilities


You were on level 3 of the Dungeon.
You visited 1 branch of the dungeon, and saw 3 of its levels.

You collected 1309 gold pieces.

Inventory:

Hand Weapons
 a - a +0 shortbow (weapon)
Armour
 c - a +0 leather armour (worn)
 e - a +1 cloak (worn)
 j - a +2 pair of gloves (worn)
Scrolls
 b - a scroll of immolation
 d - a scroll of torment {unknown}
Potions
 g - a potion of mutation
 h - a potion of might
 k - a potion of invisibility {unknown}


   Skills:
 + Level 3.3 Fighting
 + Level 4.9 Ranged Weapons
 + Level 3.0 Dodging
 + Level 1.8 Stealth


You had 3 spell levels left.
You didn't know any spells.
Your spell library contained the following spells:

 Spells                   Type           Power      Damage    Failure   Level
 Shock                    Conj/Air       0%         1d3       52%         1
 Blink                    Tloc           0%         N/A       67%         2
 Momentum Strike          Conj/Tloc      0%         3d8       67%         2
 Gell's Gravitas          Tloc           0%         N/A       88%         3
 Inner Flame              Hex/Fire       0%         N/A       88%         3
 Lesser Beckoning         Tloc           0%         N/A       88%         3
 Swiftness                Air            0%         N/A       88%         3
 Teleport Other           Tloc           0%         N/A       88%         3
 Airstrike                Air            0%         2d(0-16)  99%         4
 Flame Wave               Conj/Fire      0%         2d4       99%         4
 Sticky Flame             Conj/Fire      0%         2d3       99%         4


Dungeon Overview and Level Annotations

Branches:
Dungeon (3/15)

Altars:
Qazlal


Innate Abilities, Weirdness & Mutations

You have a pair of horns on your head.
You reflexively headbutt those who attack you in melee.


Message History

Found a stone staircase leading down.
No target in view!
There is a stone staircase leading down here.
Found a stone staircase leading up.
No target in view!
You now have 1309 gold pieces (gained 7).
An adder comes into view.
You shoot an arrow. The arrow barely misses the adder.
The adder hisses angrily.
An adder is nearby!
You shoot an arrow. The arrow misses the adder.
An endoplasm comes into view.
There are monsters nearby!
You shoot an arrow. The arrow closely misses the adder.
A frilled lizard comes into view.
There are monsters nearby!
You shoot an arrow. The arrow misses the adder.
The frilled lizard hisses angrily.
The arrow hits the endoplasm.
You kill the endoplasm!
The adder barely misses you. The adder closely misses you.
Your Dodging skill increases to level 3!
You shoot an arrow. The arrow hits the adder.
The adder is moderately wounded.
The adder misses you.
You shoot an arrow. The arrow hits the adder.
The adder is moderately wounded.
The adder barely misses you. The adder misses you.
You shoot an arrow. The arrow barely misses the adder.
The arrow barely misses the frilled lizard.
The adder barely misses you.
A gnoll comes into view. It is wielding a +0 club.
The adder closely misses you.
You shoot an arrow. The arrow hits the adder.
The adder is heavily wounded.
The adder barely misses you. The frilled lizard barely misses you.
You shoot an arrow. The arrow misses the adder.
The arrow barely misses the gnoll.
You hear an angry hiss.
The adder bites you but does no damage.
A ball python comes into view.
The frilled lizard barely misses you. The adder bites you but does no damage.
You shoot an arrow. The arrow hits the adder!
You kill the adder!
The frilled lizard bites you but does no damage.
The frilled lizard closely misses you.
You have reached level 4!
You feel agile.
You shoot an arrow. The arrow hits the frilled lizard.
You kill the frilled lizard!
A gnoll comes into view. It is wielding a +0 spear.
You shoot an arrow. The arrow hits the gnoll.
The gnoll is lightly wounded.
You hear a shout!
The gnoll misses you.
You shoot an arrow. The arrow closely misses the gnoll. x2
The ball python bites you. The ball python grabs you.
The ball python constricts you.
You shoot an arrow. The arrow hits the ball python.
You kill the ball python!
The gnoll hits you but does no damage.
You shoot an arrow. The arrow hits the gnoll.
The gnoll is moderately wounded.
The gnoll hits you but does no damage.
A gnoll comes into view. It is wielding a +0 flail.
The gnoll closely misses you.
You shoot an arrow.
The arrow hits the gnoll but does no damage.
The gnoll is moderately wounded.
The gnoll throws a stone.
The stone hits you. The gnoll hits you with a +0 club.
You shoot an arrow. The arrow hits the gnoll.
The gnoll is severely wounded.
The gnoll hits you but does no damage.
A goblin comes into view. It is wielding a +0 club.
The gnoll hits you with a +0 club. The gnoll hits you with a +0 flail!
The goblin moves out of view.
You are too injured to fight recklessly!
You are too injured to fight recklessly!
You are too injured to fight recklessly!
Aiming: Mindburst
Press: ? - help, Q - select action, (/) - cycle Shift-Dir - straight line, f - gnoll, p - gnoll
Aim: a gnoll, wielding a +0 flail and quivering stones (chance to affect: 72%)
The gnoll struggles to resist.
The gnoll completely misses you. The gnoll closely misses you.
Aiming: Mindburst
Press: ? - help, Q - select action, (/) - cycle Shift-Dir - straight line, f - gnoll, p - gnoll
Aim: a gnoll, wielding a +0 spear (chance to affect: 72%)
The gnoll struggles to resist.
The now-empty wand crumbles to dust.
You hear a shout!
The gnoll hits you but does no damage.
The gnoll hits you from afar with a +0 spear.
The gnoll hits you with a +0 flail.
You shoot an arrow. The arrow closely misses the gnoll.
The gnoll hits you with a +0 club.
* * * LOW HITPOINT WARNING * * *
The gnoll hits you from afar with a +0 spear.
* * * LOW HITPOINT WARNING * * *
The gnoll hits you with a +0 flail!
You die...

.g# ... ..# # #.# ### ... #..
#### ##g## #.# ...# #.†.# #.#
##.# #g@g# ######.# #.# #...#
#..<.... ##.###### #...# #.#.##..
##......## #...# #.#.##..
##.......######...########.......
##.####.................##....##.
...# #.......................##.
#### #.#...............##.......
# ###.#######...#########..###.


You could see 3 gnolls and a goblin.

Vanquished Creatures
  3 adders
  An orc (D:3)
  6 endoplasms
  2 giant cockroaches
  5 goblins
  7 hobgoblins
  4 jackals
  4 kobolds
  4 ball pythons
  2 frilled lizards
38 creatures vanquished.

Notes
Turn   | Place    | Note
-------+----------+-------------------------------------------
     0 | D:1      | Darkkill the Minotaur Hunter began the quest for the Orb.
     0 | D:1      | Reached XP level 1. HP: 18/18 MP: 0/0
   248 | D:1      | Reached skill level 1 in Stealth
   324 | D:1      | Reached XP level 2. HP: 19/25 MP: 1/1
   481 | D:1      | Identified a scroll of acquirement
   481 | D:1      | Acquired 1179 gold pieces
   764 | D:2      | Reached XP level 3. HP: 13/31 MP: 2/2
   855 | D:2      | Found a faded altar of an unknown god.
  1627 | D:3      | Found a stormy altar of Qazlal.
  1960 | D:3      | Reached XP level 4. HP: 38/38 MP: 3/3
  1969 | D:3      | HP: 7/38 [gnoll/+0 spear (4)]
  1969 | D:3      | Slain by a gnoll

Illustrated notes

Levels and vault maps discovered:
D:1:      eino_arrival_cavern_a, layout_rooms
D:2:      layout_loops_ring, nicolae_ecumenical_lake_church,
          minmay_misc_feat_rows
D:3:      layout_loops_cross, nicolae_qazlal_general_emergency

Skill      XL: |  1  2  3 |
---------------+----------+-----
Stealth        | 1 |  1.8
Fighting       | 3 |  3.3
Dodging        | 3 |  3.0
Ranged Weapons | |  4.9

Action                   |  1- 3 |  4- 6 || total
-------------------------+-------+-------++-------
 Fire: Shortbow          |    94 |     8 ||   102
Evoke: Wand              |       |     2 ||     2
  Use: Scroll            |     7 |       ||     7
Armor: Leather armour    |    29 |     4 ||    33
Dodge: Dodged            |    43 |     4 ||    47

Table legend: (Time is in decaauts)
 A = Elapsed time spent in this place.
 B = Non-inter-level travel time spent in this place.
 C = Inter-level travel time spent in this place.
 D = Time resting spent in this place.
 E = Time spent auto-exploring this place.
 F = Levels seen in this place.
 G = Mean time per level.
                   A        B        C        D        E       F      G
               +--------+--------+--------+--------+--------+-----+--------+
         Total |   2003 |   1902 |    101 |    117 |   1524 |   3 |  667.7 |
       Dungeon |   2003 |   1902 |    101 |    117 |   1524 |   3 |  667.7 |
               +--------+--------+--------+--------+--------+-----+--------+

Top non-repeatable levels by time:
     D:2: 1046 daAuts
     D:1: 537 daAuts
     D:3: 418 daAuts

Table legend:
 A = Kills in this place as a percentage of kills in entire the game.
 B = Kills by you in this place as a percentage of kills by you in the entire game.
 C = Kills by friends in this place as a percentage of kills by friends in the entire game.
 D = Other kills in this place as a percentage of other kills in the entire game.
 E = Experience gained in this place as a percentage of experience gained in the entire game.
 F = Experience gained in this place divided by the number of levels of this place that you have seen.
                   A       B       C       D       E      F
               +-------+-------+-------+-------+-------+----------------------
         Total | 100.0 | 100.0 |   N/A |   N/A | 100.0 |  35.0
       Dungeon | 100.0 | 100.0 |   N/A |   N/A | 100.0 |  35.0
               +-------+-------+-------+-------+-------+----------------------
